[Event "Titled Tuesday Blitz November 07 Early 2023"]
[White "Manukyan, Sargis A."]
[Black "Ladan, Nicholas"]
[WhiteFideId "13303970"]
[BlackFideId "30918855"]
[WhiteElo "2612"]
[BlackElo "2407"]
[Result "0-1"]
[Round "3"]
[TimeControl "180+1"]
[Date "2023.11.07"]
[WhiteClock "0:00:09"]
[BlackClock "0:00:17"]
[Board "136"]

1. d4 d5 2. c4 e6 3. Nc3 Nf6 4. Nf3 c6 5. e3 Nbd7 6. Bd3 dxc4 7. Bxc4 b5 8. Bd3 Bd6 9. e4 e5 10. O-O a6 11. dxe5 Nxe5 12. Nxe5 Bxe5 13. f4 Bd4+ 14. Kh1 Ng4 15. Qe2 Qh4 16. g3 Qh3 17. Qg2 Qh5 18. Be2 O-O 19. Bd2 f5 20. Rad1 Rf6 21. exf5 Bxf5 22. h4 Rh6 23. Bc1 Qxh4+ 24. gxh4 Rxh4+ 25. Qh3 Rxh3+ 26. Kg2 Bxc3 27. Kxh3 Nf2+ 28. Kg3 Nxd1 29. bxc3 Nxc3 30. Bf3 Be4 31. Bb2 Bxf3 32. Bxc3 Bd5 33. a3 Re8 34. Be5 g5 35. Rg1 gxf4+ 36. Kxf4+ Kf7 37. Rg7+ Ke6 38. Bb2 Rf8+ 39. Ke3 Rf3+ 40. Ke2 Rh3 41. Bd4 Kd6 42. Bf6 Ke6 43. Bd4 Rxa3 44. Bc5 Rh3 45. Ra7 Bc4+ 46. Kd2 Rd3+ 47. Kc2 Rd5 48. Bb6 b4 49. Ba5 Rxa5 50. Rxh7 Ra2+ 51. Kc1 Kd6 52. Rh5 Bd5 53. Rg5 Kc5 54. Rg3 a5 55. Rf3 a4 56. Rf4 b3 57. Kb1 Rh2 58. Rf1 a3 59. Rc1+ Kb4 60. Rd1 a2+ 61. Kc1 b2# 0-1


[Site "https://www.chess.com"]

[Event "Titled Tuesday Blitz November 07 Early 2023"]
[White "Goldin, Roman"]
[Black "Lamaze, Simon"]
[WhiteFideId "2803860"]
[BlackFideId "36069264"]
[WhiteElo "2402"]
[BlackElo "2611"]
[Result "0-1"]
[Round "3"]
[TimeControl "180+1"]
[Date "2023.11.07"]
[WhiteClock "0:00:00"]
[BlackClock "0:00:15"]
[Board "137"]

1. e4 c6 2. d4 d5 3. f3 e6 4. Nc3 Bb4 5. a3 Ba5 6. Bf4 Nd7 7. Bd3 Ne7 8. Ne2 b5 9. O-O Bb6 10. exd5 exd5 11. Kh1 O-O 12. Qd2 Ng6 13. Bg5 f6 14. Be3 Re8 15. Ng3 Ndf8 16. Rfe1 Be6 17. a4 b4 18. Nce2 a5 19. Nc1 Qd7 20. Nb3 Nh4 21. c3 bxc3 22. Qxc3 Nfg6 23. Rac1 Nxg2 24. Kxg2 Nh4+ 25. Kf2 Bf7 26. Bf1 Rac8 27. Nc5 Qd6 28. Qd2 g5 29. Bh3 Rc7 30. Rg1 Rce7 31. Rc3 Bg6 32. Qc1 h6 33. Ne6 Rxe6 34. Bxe6+ Rxe6 35. Re1 Nf5 36. Nxf5 Qxh2+ 37. Kf1 Bxf5 38. Qd2 Bh3+ 0-1


[Site "https://www.chess.com"]

[Event "Titled Tuesday Blitz November 07 Early 2023"]
[White "Tregubov, Pavel V."]
[Black "Can, Melih Kaan"]
[WhiteFideId "4115341"]
[BlackFideId "6317383"]
[WhiteElo "2609"]
[BlackElo "2391"]
[Result "1-0"]
[Round "3"]
[TimeControl "180+1"]
[Date "2023.11.07"]
[WhiteClock "0:00:14"]
[BlackClock "0:00:00"]
[Board "138"]

1. e4 c5 2. Nf3 Nc6 3. Bb5 d6 4. O-O Bd7 5. Re1 Nf6 6. c3 a6 7. Bf1 Bg4 8. d3 g6 9. Nbd2 Bg7 10. h3 Bxf3 11. Nxf3 O-O 12. d4 cxd4 13. cxd4 d5 14. e5 Ne4 15. Bd3 Rc8 16. Bxe4 dxe4 17. Rxe4 Qd5 18. Re1 Rfd8 19. Be3 Nb4 20. Re2 Rc4 21. a3 Nc6 22. Nd2 Rxd4 23. Bxd4 Nxd4 24. Re1 Bxe5 25. Nf1 Bf6 26. Qg4 h5 27. Qe4 Qb5 28. Rab1 Rd6 29. Ng3 h4 30. Ne2 Ne6 31. Nc3 Qb3 32. Red1 Nc5 33. Qf3 Rxd1+ 34. Nxd1 Qxf3 35. gxf3 Nb3 36. Kg2 e6 37. Ne3 Kg7 38. Rd1 Nc5 39. b4 Na4 40. Rd7 b5 41. Ra7 Bb2 42. Nc2 Nc3 43. Rxa6 Nd5 44. Ra5 Nf4+ 45. Kh2 Be5 46. Rxb5 Nd5+ 47. Kg2 Bd6 48. Ne3 Nf4+ 49. Kf1 Nxh3 50. a4 Nf4 51. a5 h3 52. Kg1 Ne2+ 53. Kh1 Nc3 54. Rb6 Bf4 55. a6 Nd1 56. Nxd1 1-0


[Site "https://www.chess.com"]

[Event "Titled Tuesday Blitz November 07 Early 2023"]
[White "Ovezdurdyyeva, Jemal"]
[Black "Golubev, Mikhail"]
[WhiteFideId "14001888"]
[BlackFideId "14100983"]
[WhiteElo "2364"]
[BlackElo "2608"]
[Result "1/2-1/2"]
[Round "3"]
[TimeControl "180+1"]
[Date "2023.11.07"]
[WhiteClock "0:00:14"]
[BlackClock "0:00:06"]
[Board "139"]

1. e4 c5 2. Nf3 d6 3. c3 Nf6 4. Bd3 Bg4 5. h3 Bxf3 6. Qxf3 Nc6 7. Qe2 g6 8. O-O Bg7 9. Bc2 O-O 10. d3 b5 11. Be3 b4 12. d4 bxc3 13. bxc3 cxd4 14. cxd4 Nd7 15. Rd1 Rc8 16. Na3 Qa5 17. Nc4 Qc3 18. Bb3 Qb4 19. Rac1 Nb6 20. Nxb6 axb6 21. Qf3 Nxd4 22. Bxd4 Rxc1 23. Rxc1 Bxd4 24. a3 Qd2 25. Rc2 Qe1+ 26. Kh2 e6 27. g3 Qa5 28. a4 Bc5 29. Kg2 Qa8 30. h4 Qd8 31. h5 Qg5 32. hxg6 hxg6 33. Rc4 Kg7 34. Qf4 Qxf4 35. gxf4 Rh8 36. Rc3 Kf6 37. Kg3 Rh1 38. Rc2 Re1 39. Kf3 Ke7 40. Bc4 f5 41. exf5 gxf5 42. Re2 Rxe2 43. Kxe2 d5 44. Bb5 Kd6 45. Kf3 Ba3 46. Ke2 Bc1 47. Kf3 d4 48. Bd3 e5 49. fxe5+ Kxe5 50. Ke2 Bh6 51. Bb5 Bg5 52. Bd3 Be7 53. Bb5 Kf4 54. Bd3 Bc5 55. Bb5 Kg4 56. f3+ Kg3 57. Bd3 Kf4 58. Bb5 Ke5 59. Bd3 Kf4 60. Bb5 Bf8 61. Bd3 Bg7 62. Bb5 Ke5 63. Bd3 f4 64. Bb5 Kd5 65. Bd3 Kc5 66. Bb5 Be5 67. Kd3 Bc7 68. Ke4 Bb8 69. Kd3 Bc7 70. Ke2 Bb8 71. Kd3 Bc7 1/2-1/2


[Site "https://www.chess.com"]

[Event "Titled Tuesday Blitz November 07 Early 2023"]
[White "Marchesich, Giovanni"]
[Black "Sharapov, Evgeny"]
[WhiteFideId "2824790"]
[BlackFideId "14103133"]
[WhiteElo "2364"]
[BlackElo "2605"]
[Result "0-1"]
[Round "3"]
[TimeControl "180+1"]
[Date "2023.11.07"]
[WhiteClock "0:01:30"]
[BlackClock "0:02:21"]
[Board "140"]

1. e4 c5 2. Nc3 Nc6 3. Nf3 e5 4. Bc4 Be7 5. d3 d6 6. Nd2 Nf6 7. Nf1 O-O 8. Ne3 Nd7 9. a4 Nb6 10. O-O Nxc4 11. dxc4 Be6 12. b3 Kh8 13. Ncd5 Bg5 14. g3 f5 15. Nxf5 Bxc1 16. Nxg7 Kxg7 17. Rxc1 Bxd5 18. exd5 Nd4 19. f4 exf4 20. gxf4 Kh8 21. c3 Nf5 22. Qd3 Qh4 23. Kh1 Rae8 24. Rf3 Re1+ 25. Rxe1 Qxe1+ 26. Kg2 Rg8+ 27. Rg3 0-1


[Site "https://www.chess.com"]

[Event "Titled Tuesday Blitz November 07 Early 2023"]
[White "Bodnaruk, Anastasia"]
[Black "Skaric, Djuro"]
[WhiteFideId "4181751"]
[BlackFideId "934569"]
[WhiteElo "2605"]
[BlackElo "2352"]
[Result "1-0"]
[Round "3"]
[TimeControl "180+1"]
[Date "2023.11.07"]
[WhiteClock "0:00:11"]
[BlackClock "0:01:27"]
[Board "141"]

1. e4 d6 2. d4 g6 3. Nc3 Bg7 4. Be3 Nf6 5. h3 Nc6 6. f4 O-O 7. Nf3 a6 8. d5 Nb8 9. Bd3 c6 10. Bd4 cxd5 11. exd5 b5 12. O-O Bb7 13. Kh2 Nbd7 14. Ng5 h6 15. Nge4 Nxd5 16. Nxd5 Bxd5 17. Bxg7 Kxg7 18. f5 Ne5 19. f6+ exf6 20. Nxf6 Be6 21. Be4 Rc8 22. c3 Rc7 23. Qd2 Bf5 24. Rxf5 gxf5 25. Nh5+ Kg8 26. Qxh6 f6 27. Bd5+ Rff7 28. Qg7# 1-0


[Site "https://www.chess.com"]

[Event "Titled Tuesday Blitz November 07 Early 2023"]
[White "Saya, Ethan"]
[Black "Streltsov, Alexey"]
[WhiteFideId "26095181"]
[BlackFideId "24104434"]
[WhiteElo "2348"]
[BlackElo "2605"]
[Result "1-0"]
[Round "3"]
[TimeControl "180+1"]
[Date "2023.11.07"]
[WhiteClock "0:00:19"]
[BlackClock "0:00:20"]
[Board "142"]

1. e4 c6 2. d4 d5 3. Nd2 dxe4 4. Nxe4 Nf6 5. Nxf6+ exf6 6. c3 Bd6 7. Bd3 Na6 8. Qe2+ Qe7 9. Qxe7+ Kxe7 10. Ne2 Nc7 11. Bf4 Nd5 12. Bxd6+ Kxd6 13. O-O Bg4 14. Rfe1 Rhe8 15. Ng3 Nf4 16. Bf5 Ne2+ 17. Nxe2 Bxe2 18. f3 Re7 19. Kf2 Rae8 20. Rac1 g6 21. Bb1 f5 22. Rc2 Bd3 23. Rxe7 Rxe7 24. Rc1 Re2+ 25. Kg3 Bxb1 26. Rxb1 g5 27. a4 h5 28. h4 f4+ 29. Kh3 f6 30. b3 Ke6 31. c4 Kf5 32. Kh2 g4 33. fxg4+ hxg4 34. Kg1 Rd2 35. Re1 g3 36. Kf1 Kg4 37. Re6 f3 38. gxf3+ Kh3 39. Re1 Rh2 40. Kg1 g2 41. Kf2 Rh1 42. Rg1 Rh2 43. h5 Kh4 44. d5 cxd5 45. cxd5 Kxh5 46. Rxg2 Rh1 47. Rg1 Rh4 48. Ke3 Rb4 49. Rd1 Rxb3+ 50. Ke4 Rb4+ 51. Kf5 Rxa4 52. d6 Ra5+ 53. Ke6 Re5+ 54. Kxf6 Re8 55. d7 Rd8 56. Ke7 Rxd7+ 57. Kxd7 Kg5 58. Kc7 Kf4 59. Kxb7 a5 60. Ka6 a4 61. Ra1 Kxf3 62. Ra3+ Ke2 63. Rxa4 Kd3 64. Ka5 Kc3 65. Rh4 Kd3 66. Kb5 Ke3 67. Kc5 Kf3 68. Rd4 Kg3 69. Kd5 Kf3 70. Ke5 Ke3 71. Rd5 Kf3 72. Rd3+ Kg4 73. Re3 Kg5 74. Rg3+ Kh4 75. Rg1 Kh3 76. Kf4 Kh2 77. Rg7 Kh3 78. Rg8 Kh2 79. Kf3 Kh1 80. Kf2 Kh2 81. Rh8# 1-0


[Site "https://www.chess.com"]

[Event "Titled Tuesday Blitz November 07 Early 2023"]
[White "Nasir, Zehn"]
[Black "Bokros, Albert"]
[WhiteFideId "2613239"]
[BlackFideId "710458"]
[WhiteElo "2602"]
[BlackElo "2341"]
[Result "1-0"]
[Round "3"]
[TimeControl "180+1"]
[Date "2023.11.07"]
[WhiteClock "0:01:00"]
[BlackClock "0:00:12"]
[Board "143"]

1. d4 d5 2. Bf4 Nf6 3. e3 c5 4. c3 Nc6 5. Nd2 Bf5 6. Qb3 Qb6 7. dxc5 Qxb3 8. axb3 e5 9. Bg3 Bxc5 10. b4 Bd6 11. b5 Ne7 12. Ngf3 Ng6 13. h4 h5 14. b6 a6 15. Nd4 exd4 16. Bxd6 dxc3 17. bxc3 Kd7 18. Bb4 Ne4 19. Nf3 f6 20. Nd4 Be6 21. Be2 Rac8 22. Ra3 Ne5 23. O-O Nc4 24. Ra2 Nxb6 25. Rd1 Nxc3 26. Bxc3 Rxc3 27. Rb2 Na4 28. Rxb7+ Kd6 29. Ra7 Rhc8 30. Rxa6+ R8c6 31. Nxc6 Rxc6 32. Rxa4 Ke5 33. Rad4 1-0


[Site "https://www.chess.com"]

[Event "Titled Tuesday Blitz November 07 Early 2023"]
[White "gpsji27"]
[Black "Perdomo, Carlos Andres"]
[BlackFideId "4400852"]
[WhiteElo "2334"]
[BlackElo "2600"]
[Result "0-1"]
[Round "3"]
[TimeControl "180+1"]
[Date "2023.11.07"]
[WhiteClock "0:00:05"]
[BlackClock "0:01:11"]
[Board "144"]

1. d4 d5 2. Nc3 Nf6 3. Bg5 Nbd7 4. Nf3 e6 5. e4 dxe4 6. Nxe4 Be7 7. Nxf6+ Nxf6 8. Bd3 b6 9. Qe2 Bb7 10. c3 O-O 11. O-O-O Qd5 12. h4 h6 13. Bxf6 Bxf6 14. Bb1 Qh5 15. Be4 Bd5 16. Kb1 c5 17. dxc5 bxc5 18. Bxd5 exd5 19. g4 Qxg4 20. Rxd5 Rfe8 21. Qd3 c4 22. Qf5 Qg2 23. Rg1 Qxf2 24. Rd2 Qe3 25. Rdg2 Qe4+ 26. Qxe4 Rxe4 27. Nd2 Rxh4 28. Rg4 Rxg4 29. Rxg4 h5 30. Rxc4 h4 31. Ne4 Be7 32. Nf2 g5 33. Rc7 Kf8 34. Ng4 a5 35. Rc6 Kg7 36. Rc7 Re8 37. Ra7 Bd8 38. Ra6 f5 39. Nf2 g4 40. Ra7+ Re7 41. Ra8 Bb6 42. Nd3 h3 43. Rb8 h2 0-1


[Site "https://www.chess.com"]

[Event "Titled Tuesday Blitz November 07 Early 2023"]
[White "Herzog2012"]
[Black "Harriott, Tyrell"]
[BlackFideId "2086484"]
[WhiteElo "2594"]
[BlackElo "2331"]
[Result "0-1"]
[Round "3"]
[TimeControl "180+1"]
[Date "2023.11.07"]
[WhiteClock "0:00:06"]
[BlackClock "0:01:26"]
[Board "145"]

1. d4 e6 2. c4 d5 3. Nc3 f5 4. Bf4 Ne7 5. e3 Ng6 6. Bg3 Be7 7. Nf3 O-O 8. Be2 f4 9. exf4 Nxf4 10. Bxf4 Rxf4 11. O-O Nc6 12. g3 Rf8 13. cxd5 exd5 14. Rc1 Be6 15. Re1 Bf7 16. Qd2 Bf6 17. Bf1 Bh5 18. Bg2 Bxf3 19. Bxf3 Bg5 20. Qd3 Bxc1 21. Bxd5+ Kh8 22. Rxc1 Nb4 23. Qc4 Nxd5 24. Nxd5 c6 25. Nf4 Qf6 26. Rd1 Rad8 27. b3 Rd6 28. d5 g5 29. Nd3 Rxd5 30. Re1 Rxd3 0-1


[Site "https://www.chess.com"]

[Event "Titled Tuesday Blitz November 07 Early 2023"]
[White "SlippperyWhenWet"]
[Black "Feuerstack, Aljoscha"]
[BlackFideId "4681932"]
[WhiteElo "2329"]
[BlackElo "2593"]
[Result "0-1"]
[Round "3"]
[TimeControl "180+1"]
[Date "2023.11.07"]
[WhiteClock "0:00:24"]
[BlackClock "0:00:20"]
[Board "146"]

1. d4 Nf6 2. Nf3 c5 3. e3 g6 4. Bd3 Bg7 5. b3 O-O 6. Bb2 cxd4 7. exd4 d5 8. O-O Nc6 9. Nbd2 Bf5 10. Bxf5 gxf5 11. c4 e6 12. Re1 Ne4 13. Nxe4 dxe4 14. Ne5 Ne7 15. c5 Bxe5 16. dxe5 Qxd1 17. Rexd1 Nd5 18. Bd4 Rac8 19. Rac1 Nb4 20. a3 Nd3 21. Rc3 Rfd8 22. Be3 Nxe5 23. Rxd8+ Rxd8 24. h3 Rd1+ 25. Kh2 Rd3 26. Rxd3 exd3 27. Kg1 Nc6 28. b4 e5 29. Kf1 Kf8 30. Ke1 Ke7 31. Bg5+ Ke6 32. Kd2 e4 33. Ke3 Ne5 34. Kd4 Nc6+ 35. Kc3 Kd5 36. Bf4 Nd4 37. Bb8 Nb5+ 38. Kb3 Nxa3 39. Bf4 Nb5 40. Ka4 Kc4 41. f3 Nc3+ 42. Ka5 Nd5 43. b5 Kxc5 44. g4 Nxf4 45. fxe4 fxe4 46. g5 d2 47. g6 d1=Q 48. gxf7 Qa1# 0-1


[Site "https://www.chess.com"]

[Event "Titled Tuesday Blitz November 07 Early 2023"]
[White "GatoRojo150"]
[Black "Maect19"]
[WhiteElo "2586"]
[BlackElo "2328"]
[Result "1-0"]
[Round "3"]
[TimeControl "180+1"]
[Date "2023.11.07"]
[WhiteClock "0:01:40"]
[BlackClock "0:00:13"]
[Board "147"]

1. e4 e5 2. Nf3 Nc6 3. Nc3 Nf6 4. Bb5 Bd6 5. d3 h6 6. a3 O-O 7. g4 Nh7 8. h4 a6 9. Bc4 Kh8 10. g5 h5 11. Nd5 Ne7 12. Nh2 g6 13. Nf6 Nxf6 14. gxf6 Ng8 15. Bg5 Kh7 16. Qf3 b5 17. Bd5 c6 18. Bb3 Bc5 19. O-O-O Bb7 20. Qg3 d6 21. f4 exf4 22. Qxf4 d5 23. Nf3 dxe4 24. dxe4 Qb8 25. e5 Bb6 26. Qg3 c5 27. Bd5 Bxd5 28. Rxd5 Bc7 29. Bf4 Qb7 30. Rhd1 Rad8 31. Rd7 Qc8 32. Ng5+ Kh8 33. Nxf7+ Rxf7 34. Rxf7 Rxd1+ 35. Kxd1 Qd8+ 36. Kc1 Ba5 37. Qxg6 1-0


[Site "https://www.chess.com"]

[Event "Titled Tuesday Blitz November 07 Early 2023"]
[White "MIss_MIaMI"]
[Black "Kotlyar, Kirill"]
[BlackFideId "24145599"]
[WhiteElo "2321"]
[BlackElo "2584"]
[Result "1-0"]
[Round "3"]
[TimeControl "180+1"]
[Date "2023.11.07"]
[WhiteClock "0:00:48"]
[BlackClock "0:00:10"]
[Board "148"]

1. e4 e5 2. Nf3 Nc6 3. d4 exd4 4. c3 d5 5. exd5 Qxd5 6. Nxd4 Nxd4 7. cxd4 Nf6 8. Nc3 Bb4 9. Qa4+ Bd7 10. Qxb4 Qf5 11. Be3 O-O-O 12. Qc5 Qc2 13. Rc1 Qxb2 14. Na4 Qxc1+ 15. Qxc1 Bxa4 16. Qa3 Bc6 17. Qxa7 Nd5 18. Be2 Rhe8 19. O-O f5 20. Bf3 h6 21. Rc1 Kd7 22. Qc5 Kc8 23. Bd2 g5 24. h3 Rg8 25. Qa5 g4 26. hxg4 fxg4 27. Bxd5 b6 28. Qa6+ Kd7 29. Bxc6+ 1-0


[Site "https://www.chess.com"]

[Event "Titled Tuesday Blitz November 07 Early 2023"]
[White "Kozusek, Daniel"]
[Black "Senft, Sean"]
[WhiteFideId "349500"]
[BlackFideId "2044960"]
[WhiteElo "2584"]
[BlackElo "2319"]
[Result "1-0"]
[Round "3"]
[TimeControl "180+1"]
[Date "2023.11.07"]
[WhiteClock "0:00:01"]
[BlackClock "0:00:32"]
[Board "149"]

1. d4 d5 2. c4 c6 3. Nf3 Nf6 4. Nc3 a6 5. g3 Bf5 6. Bg2 e6 7. O-O Nbd7 8. Nh4 Bg6 9. Nxg6 hxg6 10. cxd5 cxd5 11. e4 dxe4 12. Nxe4 Nd5 13. Bg5 Be7 14. Nd6+ Kf8 15. Nxb7 Qe8 16. Bxd5 Bxg5 17. Bc6 Qc8 18. Qa4 Nb6 19. Qb4+ Kg8 20. Qxb6 Rb8 21. Bg2 Qd7 22. Rad1 Bd8 23. Qxa6 Bg5 24. Nc5 Qe7 25. Ne4 Rxb2 26. h4 Bxh4 27. Qd6 Qxd6 28. Nxd6 Be7 29. Nc4 Rxa2 30. d5 exd5 31. Bxd5 Rh5 32. Nd6 Rb2 33. Bxf7+ Kf8 34. Bxg6 Ra5 35. Nf5 Bc5 36. Rd8# 1-0


[Site "https://www.chess.com"]

[Event "Titled Tuesday Blitz November 07 Early 2023"]
[White "Sydoryka, Vladyslav"]
[Black "Zaksaite, Salomeja"]
[WhiteFideId "14145928"]
[BlackFideId "12801496"]
[WhiteElo "2579"]
[BlackElo "2318"]
[Result "1-0"]
[Round "3"]
[TimeControl "180+1"]
[Date "2023.11.07"]
[WhiteClock "0:01:06"]
[BlackClock "0:00:00"]
[Board "150"]

1. c4 e5 2. g3 Nf6 3. Bg2 g6 4. Nc3 Bg7 5. d3 O-O 6. Nf3 Re8 7. O-O c6 8. a3 d5 9. cxd5 cxd5 10. Bg5 Nc6 11. Qb3 d4 12. Ne4 Rb8 13. Rfc1 Be6 14. Qd1 Bd5 15. Nfd2 Be6 16. Nc5 Bc8 17. Nde4 h6 18. Nxf6+ Bxf6 19. Bxh6 g5 20. Be4 Ne7 21. Qd2 Ng6 22. Bxg6 fxg6 23. Ne4 Be7 24. Bxg5 Bf5 25. Bxe7 Qxe7 26. b4 Rec8 27. Rxc8+ Rxc8 28. Rc1 Kf7 29. Rxc8 Bxc8 30. Qh6 1-0


[Site "https://www.chess.com"]

[Event "Titled Tuesday Blitz November 07 Early 2023"]
[White "Goh, Zi Han"]
[Black "FREDERICKtheMATE"]
[WhiteFideId "5819156"]
[WhiteElo "2315"]
[BlackElo "2578"]
[Result "1-0"]
[Round "3"]
[TimeControl "180+1"]
[Date "2023.11.07"]
[WhiteClock "0:00:10"]
[BlackClock "0:00:20"]
[Board "151"]

1. d4 Nf6 2. c4 e6 3. g3 d5 4. Nf3 dxc4 5. Bg2 c5 6. O-O Nc6 7. dxc5 Qxd1 8. Rxd1 Bxc5 9. Nbd2 c3 10. bxc3 O-O 11. Nb3 Be7 12. Nfd4 Bd7 13. Nb5 Rfd8 14. Be3 e5 15. c4 Rac8 16. c5 Be6 17. Nd6 Rc7 18. Nxb7 Rxd1+ 19. Rxd1 Bxb3 20. axb3 Rxb7 21. Bxc6 Rxb3 22. Ra1 Ng4 23. Bd5 Rb8 24. Rxa7 Nxe3 25. fxe3 Bxc5 26. Rxf7 Bxe3+ 27. Kg2 Kh8 28. Kf3 Bc5 29. Ke4 Bd4 30. e3 Bb2 31. Kf5 Bc1 32. e4 Bb2 33. h4 h6 34. Re7 Rf8+ 35. Bf7 Kh7 36. h5 Bd4 37. Ke6 Ra8 38. Bg6+ Kg8 39. Kf5 Rf8+ 40. Ke6 Ra8 41. Rf7 Ra6+ 42. Kf5 Ra2 43. Re7 Ra8 44. Ke6 Ra6+ 45. Kf5 Rf6+ 46. Kg4 Rf8 47. Bf5 Rf6 48. Bg6 Rf8 49. Re8 Rxe8 50. Bxe8 Kf8 51. Bg6 Ke7 52. Kf5 Bf2 53. Kg4 Bxg3 54. Kxg3 Kf6 55. Kf3 Kg5 56. Ke3 Kg4 57. Kd3 Kf4 58. Kc4 Kg5 59. Kd5 Kf6 60. Kd6 1-0


[Site "https://www.chess.com"]

[Event "Titled Tuesday Blitz November 07 Early 2023"]
[White "Jaskolka, Tomasz"]
[Black "Mazzilli, Piero"]
[WhiteFideId "1170791"]
[BlackFideId "807087"]
[WhiteElo "2570"]
[BlackElo "2313"]
[Result "1-0"]
[Round "3"]
[TimeControl "180+1"]
[Date "2023.11.07"]
[WhiteClock "0:01:32"]
[BlackClock "0:00:57"]
[Board "152"]

1. d4 d5 2. Nc3 Nf6 3. Bf4 c6 4. Nf3 Bf5 5. e3 Nbd7 6. Ne5 e6 7. g4 Bg6 8. h4 h5 9. Nxg6 fxg6 10. g5 Ng8 11. Bd3 Kf7 12. Qf3 Ngf6 13. gxf6 gxf6 14. Rg1 f5 15. e4 dxe4 16. Nxe4 fxe4 17. Qxe4 Qa5+ 18. Bd2 Qf5 19. Qe3 Qh3 20. Qxh3 1-0


[Site "https://www.chess.com"]

[Event "Titled Tuesday Blitz November 07 Early 2023"]
[White "Bernat, David"]
[Black "Gontcharov, Vladislav"]
[WhiteFideId "2099225"]
[BlackFideId "4123492"]
[WhiteElo "2308"]
[BlackElo "2570"]
[Result "0-1"]
[Round "3"]
[TimeControl "180+1"]
[Date "2023.11.07"]
[WhiteClock "0:00:05"]
[BlackClock "0:00:07"]
[Board "153"]

1. c4 e6 2. e4 d5 3. cxd5 exd5 4. exd5 Nf6 5. Bb5+ Nbd7 6. Nc3 Be7 7. Nf3 O-O 8. O-O Nb6 9. Re1 Nbxd5 10. d4 a6 11. Bc4 Bb4 12. Bd2 Nb6 13. Bb3 Bg4 14. a3 Bd6 15. h3 Bh5 16. g4 Bg6 17. Ne5 Bxe5 18. dxe5 Nfd5 19. Nxd5 Nxd5 20. f4 Bd3 21. Qf3 Nb6 22. Bb4 c5 23. Bxc5 Bc4 24. Bxc4 Nxc4 25. Bxf8 Qxf8 26. b4 b5 27. Rad1 a5 28. Rd7 axb4 29. axb4 Ra3 30. Qd1 Ra8 31. Re4 h6 32. Red4 Qxb4 33. Rd8+ Rxd8 34. Rxd8+ Kh7 35. Qd3+ g6 36. Rd7 Qe1+ 37. Kg2 Kg7 38. f5 gxf5 39. gxf5 Qxe5 40. Qg3+ Qxg3+ 41. Kxg3 Kf6 42. Kf4 b4 43. Rb7 Nb2 44. Rb6+ Kg7 45. Ke5 Nd3+ 46. Kd4 Nf2 47. h4 Nh1 48. h5 Ng3 49. f6+ Kh7 50. Rb5 b3 51. Ke5 Nxh5 52. Rxb3 Kg6 53. Rb6 Ng3 54. Kf4 Nf5 55. Ke5 h5 56. Rb8 Nh6 57. Rb1 h4 58. Rg1+ Kh5 59. Kf4 h3 60. Rg5+ Kh4 61. Rg1 h2 62. Rh1 Kh3 63. Kf3 Nf5 64. Kf4 Ng3 65. Rxh2+ Kxh2 66. Kg5 Ne4+ 67. Kf5 Nd6+ 68. Ke5 Ne8 69. Kf5 Kh3 70. Kg5 Kg3 71. Kh6 Kf4 72. Kh7 Ke5 73. Kg8 Ke6 74. Kf8 Nxf6 75. Kg7 Nd5 76. Kh6 f5 0-1


[Site "https://www.chess.com"]

[Event "Titled Tuesday Blitz November 07 Early 2023"]
[White "Predator0608"]
[Black "Bogaudinov, Rushan"]
[BlackFideId "4129288"]
[WhiteElo "2569"]
[BlackElo "2307"]
[Result "0-1"]
[Round "3"]
[TimeControl "180+1"]
[Date "2023.11.07"]
[WhiteClock "0:00:19"]
[BlackClock "0:00:13"]
[Board "154"]

1. e4 a6 2. d4 e6 3. f4 d5 4. e5 c5 5. Nf3 Nc6 6. Be3 cxd4 7. Nxd4 Nh6 8. Nd2 Nxd4 9. Bxd4 Nf5 10. Bf2 Qc7 11. Bd3 Bc5 12. Bxc5 Qxc5 13. Bxf5 exf5 14. Rf1 O-O 15. Nb3 Qb4+ 16. c3 Qe4+ 17. Qe2 Qa4 18. Rf3 Be6 19. Nd4 Rac8 20. Rg3 Kh8 21. h4 b5 22. a3 Rc7 23. h5 h6 24. Kf2 Qc4 25. Qd3 Qxd3 26. Rxd3 Rc4 27. Ke2 Kh7 28. Nb3 Rxf4 29. Rd4 Re4+ 30. Rxe4 dxe4 31. Nc5 Bc4+ 32. Ke3 Rd8 33. b3 Be6 34. Ra2 g5 35. Rf2 Rd5 36. Nxe6 fxe6 37. Rd2 Rxe5 38. Rd7+ Kg8 39. Ra7 Rd5 40. Rxa6 Rd3+ 41. Ke2 Kf7 42. c4 bxc4 43. bxc4 Rc3 44. Ra4 f4 45. Kf2 Rc2+ 46. Kf1 g4 47. c5 Rxc5 48. Rxe4 e5 49. Ra4 Kf6 50. Ra6+ Kg5 51. Re6 Kxh5 52. a4 Kg5 53. Ke2 Kf5 54. Rxh6 Ra5 55. Rh5+ Ke4 56. Rh4 g3 57. Rh8 Rxa4 58. Rb8 Ra2+ 59. Kf1 Rf2+ 60. Kg1 Rd2 61. Rb4+ Ke3 62. Rb3+ Ke2 63. Rb1 Rd1+ 64. Rxd1 Kxd1 65. Kf1 e4 66. Kg1 e3 67. Kf1 e2+ 68. Kg1 e1=Q# 0-1


[Site "https://www.chess.com"]

[Event "Titled Tuesday Blitz November 07 Early 2023"]
[White "Napoli, Nicolo"]
[Black "The_Sherman_Variation"]
[WhiteFideId "813702"]
[WhiteElo "2306"]
[BlackElo "2565"]
[Result "1-0"]
[Round "3"]
[TimeControl "180+1"]
[Date "2023.11.07"]
[WhiteClock "0:00:26"]
[BlackClock "0:00:17"]
[Board "155"]

1. e4 c5 2. Nf3 g6 3. g3 Bg7 4. Bg2 Nc6 5. O-O e6 6. c3 Nge7 7. d4 cxd4 8. cxd4 d5 9. e5 O-O 10. Nc3 a6 11. Bg5 b5 12. a3 h6 13. Be3 Nf5 14. g4 Nxe3 15. fxe3 Rb8 16. b4 a5 17. Rb1 axb4 18. axb4 Qe7 19. Qb3 Ba6 20. Ne1 Qg5 21. Rf4 Na7 22. Nd3 f6 23. Nc5 Bc8 24. exf6 Rxf6 25. Rbf1 Rxf4 26. Rxf4 Bxd4 27. Nxd5 Bxc5 28. Nf6+ Kh8 29. bxc5 Qxc5 30. Ne4 Qe5 31. Qa3 Bb7 32. Rf8+ Kh7 33. Qe7+ Qg7 34. Nf6# 1-0


[Site "https://www.chess.com"]

[Event "Titled Tuesday Blitz November 07 Early 2023"]
[White "Vestby-Ellingsen, Mads"]
[Black "Biernacki, Mark"]
[WhiteFideId "1520857"]
[BlackFideId "2082322"]
[WhiteElo "2564"]
[BlackElo "2305"]
[Result "0-1"]
[Round "3"]
[TimeControl "180+1"]
[Date "2023.11.07"]
[WhiteClock "0:00:18"]
[BlackClock "0:00:11"]
[Board "156"]

1. a3 d5 2. e3 Nf6 3. d3 Bf5 4. Nc3 e6 5. Bd2 h6 6. Nf3 Bh7 7. b4 Be7 8. g3 O-O 9. Bg2 c6 10. O-O a5 11. b5 Nbd7 12. bxc6 bxc6 13. Nd4 Qc7 14. f4 Rfb8 15. Kh1 a4 16. e4 c5 17. Nde2 Nb6 18. e5 Nfd7 19. Ng1 Nc8 20. Nf3 Qc6 21. h4 Na7 22. h5 Nb5 23. Ne2 c4 24. Ned4 Nxd4 25. Nxd4 Qb6 26. Bc3 cxd3 27. cxd3 Nc5 28. f5 Bg5 29. Qg4 Nxd3 30. fxe6 Nxe5 31. exf7+ Nxf7 32. Bxd5 Ra7 33. Rxf7 Rxf7 34. Rf1 Rf8 35. Rxf7 Rxf7 36. Qd7 Be4+ 37. Kh2 Bxd5 38. Qxd5 Qf6 39. Kh3 Qf1+ 40. Kg4 Qd1+ 41. Kh3 Qf1+ 42. Kg4 Kh7 43. Qe4+ Kg8 44. Qe8+ Rf8 45. Qe6+ Qf7 46. Qxf7+ Kxf7 47. Bb4 Rd8 48. Nb5 Be7 49. Bxe7 Kxe7 50. Nc3 Rd3 51. Nb5 Rb3 52. Nd4 Rd3 53. Nf5+ Kf6 54. Kf4 Rxa3 55. Nd6 Rb3 56. Ne4+ Ke6 57. Nc5+ Kd5 58. Nxa4 Rb4+ 59. Kf5 Rxa4 60. g4 Rc4 61. g5 hxg5 62. Kxg5 Rc7 63. Kg6 Ke6 64. Kg5 Kf7 65. Kf5 Kg8 66. Kg4 Kh7 67. Kh4 Rc6 68. Kg5 Rc5+ 69. Kg4 Kh6 70. Kh4 Rc4+ 71. Kg3 Kxh5 72. Kf2 Kg4 73. Ke3 Rc3+ 74. Kd2 Rf3 75. Kd1 Kg3 76. Ke1 g5 77. Ke2 g4 78. Ke1 Kf4 0-1


[Site "https://www.chess.com"]

[Event "Titled Tuesday Blitz November 07 Early 2023"]
[White "Soham Kamotra"]
[Black "Garrido, Denis"]
[WhiteFideId "46647490"]
[BlackFideId "601217"]
[WhiteElo "2564"]
[BlackElo "2300"]
[Result "1-0"]
[Round "3"]
[TimeControl "180+1"]
[Date "2023.11.07"]
[WhiteClock "0:01:32"]
[BlackClock "0:01:30"]
[Board "157"]

1. d4 d5 2. Nc3 Nf6 3. Bf4 c5 4. e4 Nxe4 5. Nxe4 dxe4 6. dxc5 Qa5+ 7. c3 Qxc5 8. Qa4+ Nc6 9. Qxe4 g6 10. Qe3 Qxe3+ 11. Bxe3 Bg7 12. Nf3 O-O 13. Bb5 Rd8 14. Ke2 Bg4 15. h3 Bf5 16. Rhd1 h6 17. Bc5 Be4 18. Rxd8+ Rxd8 19. Rd1 Rxd1 20. Kxd1 a6 21. Bxc6 Bxc6 22. Bxe7 Bxf3+ 23. gxf3 f5 24. Ke2 Kf7 25. Bc5 Ke6 26. Bd4 Bf8 27. Kd3 b5 28. c4 b4 29. Kc2 Bd6 30. Kb3 a5 31. Ka4 Bc7 32. Kb5 Kd6 33. Bb6 Bb8 1-0


[Site "https://www.chess.com"]